 Dungeon Crawl Stone Soup version 0.28-a0-477-g0b43c73ce0 (webtiles) character file.

Game seed: 7639335529338610004

39 Dabor the Fighter (level 3, -2/42 HPs)
             Began as a Gnoll Wanderer on Sept 17, 2021.
             Was a Follower of Jiyva.
             Shot with an arrow by a centaur (7 damage)
             ... on level 3 of the Dungeon.
             The game lasted 00:03:11 (2301 turns).

Dabor the Fighter (Gnoll Wanderer)                  Turns: 2301, Time: 00:03:11

Health: -2/42      AC:  3    Str: 12    XL:     3   Next: 47%
Magic:  3/4        EV: 12    Int: 10    God:    Jiyva [*.....]
Gold:   57         SH:  0    Dex: 12    Spells: 3/3 levels left

rFire   . . .      SeeInvis .   a - +2 dagger
rCold   . . .      Faith    .   (no shield)
rNeg    . . .      Spirit   .   e - +0 robe
rPois   .          Reflect  .   (no helmet)
rElec   .          Harm     .   m - +0 cloak
rCorr   .          Rampage  .   (no gloves)
Will    .....                   (no boots)
Stlth   +.........              (no amulet)
HPRegen 0.14/turn               (no ring)
MPRegen 0.09/turn               (no ring)

@: no status effects
A: fangs 1, strong nose, distributed training
a: Renounce Religion, Request Jelly


You were on level 3 of the Dungeon.
You worshipped Jiyva.
Jiyva was aware of your devotion.
You visited 1 branch of the dungeon, and saw 3 of its levels.

You collected 57 gold pieces.

Inventory:

Hand Weapons
 a - a +2 dagger (weapon)
 o - a +0 hunting sling
Missiles
 b - a curare-tipped dart (quivered)
 p - 18 stones
Armour
 e - a +0 robe (worn)
 m - a +0 cloak (worn)
Scrolls
 c - 2 scrolls of teleportation
 g - a scroll of acquirement {unknown}
 h - 2 scrolls of magic mapping {unknown}
 i - 2 scrolls of vulnerability {unknown}
 j - a scroll of identify {unknown}
 k - a scroll of amnesia {unknown}
 l - a scroll of blinking {unknown}
Potions
 d - a potion of curing
 f - a potion of magic {unknown}
 n - a potion of might {unknown}


   Skills:
 + Level 10.3 Fighting
 + Level 2.6 Short Blades
 + Level 0.8 Long Blades
 + Level 0.8 Axes
 + Level 0.8 Maces & Flails
 + Level 0.8 Polearms
 + Level 0.8 Staves
 + Level 0.8 Slings
 + Level 0.8 Bows
 + Level 0.8 Crossbows
 + Level 4.5 Throwing
 + Level 2.6 Armour
 + Level 2.6 Dodging
 + Level 0.8 Stealth
 + Level 0.8 Shields
 + Level 0.8 Unarmed Combat
 + Level 0.8 Spellcasting
 + Level 0.5 Conjurations
 + Level 0.5 Hexes
 + Level 0.5 Summonings
 + Level 0.5 Necromancy
 + Level 0.5 Translocations
 + Level 0.5 Transmutations
 + Level 0.5 Fire Magic
 + Level 0.5 Ice Magic
 + Level 0.5 Air Magic
 + Level 0.5 Earth Magic
 + Level 0.5 Poison Magic
 + Level 1.0 Invocations
 + Level 0.8 Evocations


You had 3 spell levels left.
You didn't know any spells.
Your spell library was empty.

Dungeon Overview and Level Annotations

Branches:
Dungeon (3/15)

Altars:
Jiyva


Innate Abilities, Weirdness & Mutations

You have very sharp teeth.
Your uncanny sense of smell can sniff out nearby items.
Your experience applies equally to all skills.


Message History

The centaur hits you. The centaur kicks you.
You hit the centaur but do no damage.
The centaur is lightly wounded.
The centaur barely misses you. The centaur closely misses you.
You hear a distant slurping noise.
The centaur wields a +0 shortbow.
The centaur shoots an arrow.
The arrow barely misses you.
You hear a distant slurping noise.
The centaur unwields a +0 shortbow.
The centaur barely misses you. The centaur closely misses you.
You hit the centaur.
The centaur is lightly wounded.
The centaur hits you but does no damage.
The centaur kicks you but does no damage.
You hit the centaur.
The centaur is lightly wounded.
The centaur hits you. The centaur barely misses you.
You hear a distant slurping noise.
You hit the centaur but do no damage.
The centaur is lightly wounded.
The centaur hits you. The centaur closely misses you. The centaur hits you.
The centaur kicks you.
You hit the centaur.
The centaur is moderately wounded.
The centaur barely misses you. x2
You hear a distant slurping noise.
Your library has no spells.
You don't know any spells.
The centaur wields a +0 shortbow.
The centaur shoots an arrow.
The arrow hits you.
The centaur shoots an arrow.
The arrow closely misses you.
The centaur shoots an arrow.
The arrow hits you!
* * * LOW HITPOINT WARNING * * *
The centaur shoots an arrow.
The arrow hits the jelly!
The jelly dies!
You hear a distant slurping noise.
The centaur shoots an arrow.
The arrow closely misses you.
There is a stone staircase leading up here.
The centaur shoots an arrow.
The arrow hits you!
You die...

##. #.. #.#
#.# ##.## #
...# ...
##..#
###..###@..#
.........#.#
#+#####c...#
#.##.#
#....# ∆
#.....
#..#### +..#
∆ #.##


You could see a centaur.

Vanquished Creatures
  A worm (D:2)
  A dart slug (D:1)
  An endoplasm (D:1)
  A giant cockroach (D:1)
  5 goblins
  2 hobgoblins
  8 jackals (D:1)
  A ball python (D:1)
  3 bats
  2 frilled lizards
  3 kobolds
  4 rats
32 creatures vanquished.

Vanquished Creatures (others)
  A jelly (D:3)
  A hobgoblin (D:1)
  A frilled lizard (D:2)
  A rat (D:2)
  6 fungi (D:1)
  4 plants (D:1)
14 creatures vanquished.

Grand Total: 46 creatures vanquished

Notes
Turn   | Place    | Note
-------+----------+-------------------------------------------
     0 | D:1      | Reached skill level 10 in Fighting
     0 | D:1      | Dabor the Gnoll Wanderer began the quest for the Orb.
     0 | D:1      | Dabor set off with the following items: a +2 dagger, a
                  | curare-tipped dart, a scroll of teleportation, a potion of
                  | curing, a +0 robe
     0 | D:1      | Reached XP level 1. HP: 28/28 MP: 1/1
    46 | D:1      | Reached XP level 2. HP: 20/36 MP: 2/2
   620 | D:1      | Found a faded altar of an unknown god.
   672 | D:1      | Reached XP level 3. HP: 16/42 MP: 3/3
   689 | D:1      | Became a worshipper of Jiyva Jucraub the Shapeless
   689 | D:1      | Reached * piety under Jiyva
  1541 | D:2      | Reached skill level 1 in Invocations
  2285 | D:3      | Noticed a centaur
  2301 | D:3      | Shot with an arrow by a centaur

Illustrated notes

Levels and vault maps discovered:
D:1:      erik_arrival_cave_to_civilisation [erik_arrival_cave_to_hall],
          layout_basic, shapermc_ecumenical_altar_mp_urbaneastern
D:2:      layout_basic
D:3:      layout_loops_cross, minmay_quadrilaterals

Skill      XL: |  1  2  3 |
---------------+----------+-----
Fighting       | | 10.3
Invocations    | 1 |  1.0
Short Blades   | |  2.6
Long Blades    | |  0.8
Axes           | |  0.8
Maces & Flails | |  0.8
Polearms       | |  0.8
Staves         | |  0.8
Slings         | |  0.8
Bows           | |  0.8
Crossbows      | |  0.8
Throwing       | |  4.5
Armour         | |  2.6
Dodging        | |  2.6
Stealth        | |  0.8
Shields        | |  0.8
Unarmed Combat | |  0.8
Spellcasting   | |  0.8
Conjurations   | |  0.5
Hexes          | |  0.5
Summonings     | |  0.5
Necromancy     | |  0.5
Translocations | |  0.5
Transmutations | |  0.5
Fire Magic     | |  0.5
Ice Magic      | |  0.5
Air Magic      | |  0.5
Earth Magic    | |  0.5
Poison Magic   | |  0.5
Evocations     | |  0.8

Action                   || total
-------------------------++-------
Melee: Dagger            ||   112
       Bite              ||     5
Invok: Request Jelly     ||     2
 Stab: Sleeping          ||     1
Armor: Robe              ||    25
Dodge: Dodged            ||    93

Table legend: (Time is in decaauts)
 A = Elapsed time spent in this place.
 B = Non-inter-level travel time spent in this place.
 C = Inter-level travel time spent in this place.
 D = Time resting spent in this place.
 E = Time spent auto-exploring this place.
 F = Levels seen in this place.
 G = Mean time per level.
                   A        B        C        D        E       F      G
               +--------+--------+--------+--------+--------+-----+--------+
         Total |   2287 |   2116 |    171 |      0 |   1896 |   3 |  762.3 |
       Dungeon |   2287 |   2116 |    171 |      0 |   1896 |   3 |  762.3 |
               +--------+--------+--------+--------+--------+-----+--------+

Top non-repeatable levels by time:
     D:1: 1184 daAuts
     D:2: 1087 daAuts
     D:3: 16 daAuts
